cohdb
Replays
Latest Replays
All Replays
Popular Replays
Top Player Replays
Match Explorer
How It Works
Community
CoH3 Stats
Reddit
Sign in to upload your games and track your stats! →
Sign in with Steam
Match 41226425
Unlisted
Match 41226425
Overview
Messages
Build Orders
End
Royal Engineer Section
Construct Section Command Post
Dingo Light Scout Car
Infantry Section
Infantry Section
Construct Platoon Command Post
Vickers Machine Gun Team
CMP 15cwt Truck
Selects Canadian Shock Battlegroup
Selects Attacking Spirit
Selects Canadian Shock Section
Selects Incendiary Munitions
6-pounder Anti-tank Gun Team
Construct Company Command Post
Forward Retreat Point
Foot Guards Section
Selects Smoke Operation
Selects Pyrotechnics
Crusader II Medium Tank
Infantry Training
Unlock M3 Grant Medium Tanks
M3 Grant Medium Tank
Armored Vehicle Training
Canadian Shock Section
M3 Grant Medium Tank
Selects Demolition Engineering
M3 Grant Medium Tank
Grumpy
Messi Argentina
Jd577
Seventh SL
Communist Rebels
HolyPhoque
dmvdan
Steak12
0
0
Comments
sign in to comment!
No comments posted yet!